 Dungeon Crawl Stone Soup version 0.29.0-4-gdea44cf6ec (webtiles) character file.

Game seed: 4154195197982851327

14 qw the Sneak (level 2, 0/19 HPs)
             Began as a Gargoyle Delver on Sept 10, 2022.
             Slain by a gnoll
             ... wielding a +0 whip
              (6 damage)
             ... on level 1 of the Dungeon.
             The game lasted 00:00:15 (551 turns).

qw the Sneak (Gargoyle Delver)                       Turns: 551, Time: 00:00:16

Health: 0/19       AC:  5    Str: 15    XL:     2   Next: 45%
Magic:  2/2        EV: 13    Int: 10    God:
Gold:   77         SH:  9    Dex: 11    Spells: 1/1 levels left

rFire   . . .      SeeInvis .   Y - +0 hand axe
rCold   . . .      Faith    .   h - +2 kite shield
rNeg    + . .      Spirit   .   b - +0 leather armour
rPois   inf        Reflect  .   (no helmet)
rElec   +          Harm     .   (no cloak)
rCorr   .          Rampage  .   (no gloves)
Will    .....                   (no boots)
Stlth   +++.......              (no amulet)
HPRegen 0.06/turn               i - +4 ring of evasion
MPRegen 0.08/turn               (no ring)

@: no status effects
A: sickness immunity, AC +2, negative energy resistance 1, electricity
resistance, torment resistance 1, petrification resistance
a: no special abilities


You were on level 1 of the Dungeon.
You visited 1 branch of the dungeon, and saw 5 of its levels.

You collected 77 gold pieces.


Innate Abilities, Weirdness & Mutations

You are immune to sickness and miasma.
Your stone body is resilient. (AC +2)
You are immune to poison.
You resist negative energy. (rN+)
You are resistant to electric shocks. (rElec)
You are resistant to unholy torment.
You are immune to petrification.


   Skills:
 - Level 3.2 Fighting
 - Level 2.0 Axes
 - Level 1.5 Dodging
 - Level 5.4 Stealth
 + Level 2.0 Shields


You had one spell level left.
You didn't know any spells.
Your spell library was empty.

Inventory:

Hand Weapons
 d - a +0 club
 Y - a +0 hand axe (weapon)
Armour
 b - a +0 leather armour (worn)
 h - a +2 kite shield (worn)
 l - a +0 ring mail
Jewellery
 i - a +4 ring of evasion (left hand)
 m - an amulet of reflection
Wands
 g - a wand of digging (3)
Scrolls
 a - a scroll of enchant weapon {unknown}
 c - a scroll of identify {unknown}
Potions
 e - a potion of might {unknown}
 f - a potion of haste
 j - a potion of mutation {unknown}
 k - a potion of curing {unknown}

Dungeon Overview and Level Annotations

Branches:
Dungeon (5/15)             Temple (0/1) D:4

Altars:


Message History

The goblin hits you with a +0 club. The hobgoblin closely misses you.
The goblin closely misses you. The hobgoblin barely misses you.
You barely miss the goblin.
The goblin is moderately wounded.
You hit the hobgoblin. The hobgoblin hits you. The goblin closely misses you.
You hit the hobgoblin.
You kill the hobgoblin!
You hit the goblin.
You kill the goblin!
You block the gnoll's attack. The frilled lizard bites you.
Your Axes skill increases to level 2!
You hit the gnoll.
The gnoll is lightly wounded.
You barely miss the frilled lizard. You block the frilled lizard's attack.
You block the gnoll's attack.
You closely miss the gnoll.
The gnoll is lightly wounded.
You hit the frilled lizard.
You kill the frilled lizard!
You block the gnoll's attack.
You hit the gnoll.
The gnoll is heavily wounded.
You block the gnoll's attack. The gnoll hits you with a +0 whip!
You barely miss the gnoll.
The gnoll is heavily wounded.
The gnoll misses you.
You hit the gnoll but do no damage.
The gnoll is heavily wounded.
You block the gnoll's attack.
You hit the gnoll.
The gnoll is almost dead.
You block the gnoll's attack. The gnoll misses you.
You hit the gnoll.
The gnoll is almost dead.
The gnoll barely misses you.
You barely miss the gnoll.
The gnoll is almost dead.
The gnoll hits you with a +0 whip.
You die...

#.....#.#.... ##
#.###.#.##### .. ..
#......# #. ###
##......# #.. ..#
.....#.##)#
#..###.#####.##.##.#
#....#.##.......##.#
#.#%#.##.##.###...#
#..@........###.#.#
###g##............#
#.##.....####.###
...#.....# #.#
##..#.....# ...
#..####### #.## ...#
#.# ##.# #.# #.#


You could see a gnoll.

Vanquished Creatures
  2 endoplasms
  A goblin (D:1)
  4 hobgoblins
  A bat (D:1)
  2 frilled lizards (D:1)
  2 kobolds (D:1)
  2 rats (D:1)
14 creatures vanquished.

Notes
Turn   | Place    | Note
-------+----------+-------------------------------------------
     0 | D:5      | qw the Gargoyle Delver began the quest for the Orb.
     0 | D:5      | Reached XP level 1. HP: 14/14 MP: 1/1
     0 | D:5      | 0 ||| qw: Version: 0.1-a-116-g5d60599
     0 | D:5      | 0 ||| qw: Game counter: 9360
     0 | D:5      | 0 ||| qw: Always use a shield: true
     0 | D:5      | 0 ||| qw: God list: Okawaru
     0 | D:5      | 0 ||| qw: Allow faded altars: false
     0 | D:5      | 0 ||| qw: Do Orc after D:15 true
     0 | D:5      | 0 ||| qw: Do second Lair branch before Depths: true
     0 | D:5      | 0 ||| qw: Lair rune preference: random
     0 | D:5      | 0 ||| qw: Plans: Normal
     0 | D:5      | 0 ||| PLANNING D:1-11
    28 | D:5      | 28 ||| UPGRADING to +2 kite shield.
    33 | D:5      | 33 ||| UPGRADING to +4 ring of evasion.
    34 | D:5      | 34 ||| DROPPING scroll of fog.
    35 | D:5      | 35 ||| DROPPING scroll of magic mapping.
    36 | D:5      | 36 ||| DROPPING scroll of fear.
    51 | D:4      | Noticed a water moccasin zombie
    88 | D:4      | 88 ||| Stepping ~*~*~tactically~*~*~ (stealth).
   132 | D:4      | Found a staircase to the Ecumenical Temple.
   158 | D:2      | Reached skill level 1 in Shields
   304 | D:2      | 304 ||| READING scroll labelled NOAPNO OH VAEL.
   305 | D:2      | 305 ||| READING scroll labelled ROOFOXZ UMUKA.
   366 | D:1      | Found a faded altar of an unknown god.
   444 | D:1      | Reached XP level 2. HP: 19/19 MP: 2/2
   551 | D:1      | Slain by a gnoll

Levels and vault maps discovered:
D:1:      dreamdust_arrival_sigmund_warning, layout_loops_cross,
          ebering_ecumenical_altar_ruins
D:2:      layout_rooms, minmay_unequal
D:3:      layout_basic, nicolae_uskayaw_murder_on_the_dancefloor,
          mainiacjoe_overflow_small_starburst, serial_curves, eino_curves_01,
          eino_curves_02, eino_curves_04, eino_curves_03, uniq_jessica
D:4:      layout_rooms, nicolae_qazlal_general_emergency,
          minmay_temple_entry_crystal_x, gammafunk_ghost_mausoleum
D:5:      layout_cave_pods, gammafunk_temple_overflow_wave, gup_sewer_entry_pipe

Skill      XL: |  1  2 |
---------------+-------+-----
Shields        | 1 2 |  2.0
Axes           | 2 |  2.0
Fighting       | |  3.2
Dodging        | |  1.5
Stealth        | |  5.4

Action                   || total
-------------------------++-------
Melee: Hand axe          ||    43
  Use: Scroll            ||     2
 Stab: Sleeping          ||     1
Armor: Leather armour    ||     5
Dodge: Dodged            ||    18
Block: Kite shield       ||    23

Table legend:
 A = Non-vault XP
 B = Vault XP
 C = Vault XP percentage of total XP
 D = Non-vault monster count
 E = Vault monster count
 F = Vault count percentage of total count
                 A         B        C        D         E       F
            +---------+---------+-------+---------+---------+-------
      Total |      21 |       0 |   0.0 |      14 |       0 |   0.0
            +---------+---------+-------+---------+---------+-------
        D:1 |      13 |       0 |   0.0 |      10 |       0 |   0.0
        D:2 |       4 |       0 |   0.0 |       2 |       0 |   0.0
        D:4 |       4 |       0 |   0.0 |       2 |       0 |   0.0
            +---------+---------+-------+---------+---------+-------
